 Dungeon Crawl Stone Soup version 0.28-a0-1233-g92def6ad0a (webtiles) character file.

Game seed: 14380557569712036027

66 ChaosChampion the Skirmisher (level 4, -1/50 HPs)
             Began as an Ogre Warper on Dec 23, 2021.
             Killed from afar by Natasha (5 damage)
             ... with a magic dart
             ... on level 2 of the Dungeon.
             The game lasted 00:01:43 (1810 turns).

ChaosChampion the Skirmisher (Ogre Warper)          Turns: 1810, Time: 00:01:44

Health: -1/50      AC:  3    Str: 17    XL:     4   Next: 15%
Magic:  5/7        EV:  9    Int: 14    God:
Gold:   39         SH:  0    Dex:  8    Spells: 5/7 levels left

rFire   . . .      SeeInvis .   a - +0 mace
rCold   . . .      Faith    .   (no shield)
rNeg    . . .      Spirit   .   b - +0 robe
rPois   .          Reflect  .   (helmet restricted)
rElec   .          Harm     .   (no cloak)
rCorr   .          Rampage  .   (gloves unavailable)
Will    .....                   (boots unavailable)
Stlth   +.........              (no amulet)
HPRegen 0.16/turn               (no ring)
MPRegen 0.10/turn               (no ring)

@: very slightly contaminated, slowed, very slow
A: large, unfitting armour, tough skin 1
a: no special abilities


You were on level 2 of the Dungeon.
You visited 1 branch of the dungeon, and saw 2 of its levels.

You collected 39 gold pieces.

Inventory:

Hand Weapons
 a - a +0 mace (weapon)
Missiles
 d - 5 boomerangs of dispersal (quivered)
 l - 3 boomerangs
Armour
 b - a +0 robe (worn)
Scrolls
 c - a scroll of blinking
 f - a scroll of fog {unknown}
 g - a scroll of noise {unknown}
 h - a scroll of teleportation {unknown}
 i - a scroll of immolation {unknown}
 k - 2 scrolls of identify {unknown}
Potions
 e - 2 potions of haste {unknown}
 j - 2 potions of mutation {unknown}
 m - a potion of curing {unknown}


   Skills:
 * Level 5.0 Fighting
 + Level 2.6 Maces & Flails
 - Level 1.0 Throwing
 - Level 2.1 Dodging
 - Level 2.4 Spellcasting
 - Level 2.6 Translocations


You had 5 spell levels left.
You knew the following spells:

 Your Spells              Type           Power      Damage    Failure   Level
z - Blink                 Tloc           18%        N/A       12%         2

Your spell library contained the following spells:

 Spells                   Type           Power      Damage    Failure   Level
 Gell's Gravitas          Tloc           9%         N/A       22%         3
 Lesser Beckoning         Tloc           9%         N/A       22%         3
 Teleport Other           Tloc           9%         N/A       22%         3
 Manifold Assault         Tloc           9%         N/A       91%         5


Dungeon Overview and Level Annotations

Branches:
Dungeon (2/15)

Altars:
The Shining One

Shops:
D:1 ?

Annotations:
D:2 Natasha


Innate Abilities, Weirdness & Mutations

You are too large for most types of armour.
You have tough skin. (AC +1)


Message History

Natasha is nearby!
Found a stone staircase leading down.
Natasha hisses angrily.
Natasha casts a spell.
You closely miss Natasha. Natasha claws you.
You barely miss Natasha. Natasha claws you.
You completely miss Natasha.
Natasha drinks a potion.
Natasha's spells are empowered!
Natasha claws you!
You closely miss Natasha. Natasha claws you.
You closely miss Natasha. Natasha claws you.
You hit Natasha but do no damage. Natasha barely misses you.
Natasha closely misses you.
You closely miss Natasha.
Natasha mumbles some strange words.
You closely miss Natasha. Natasha claws you!
You hit Natasha.
Natasha is lightly wounded.
Natasha claws you. The iron imp closely misses you.
You closely miss Natasha.
Natasha is lightly wounded.
Natasha claws you.
* * * LOW HITPOINT WARNING * * *
The iron imp hits you.
* * * LOW HITPOINT WARNING * * *
Natasha claws you but does no damage.
Casting: Blink (safe; 12% risk of failure)
Confirm with . or Enter, or press ? or * to list all spells.
You miscast Blink.
You are very lightly contaminated with residual magic.
Nothing appears to happen.
Natasha claws you.
* * * LOW HITPOINT WARNING * * *
Natasha casts a spell at you.
You feel yourself slow down.
Unknown command.
A dart slug comes into view.
The dart slug launches a dart at you. The slug dart misses you.
Natasha casts a spell at you. The magic dart hits you.
You die...

.# .## ### ##.. #.. #
...## # #.# #.
#...##.###.### .. ##
..#.........##
#.#.####)..##.# #<.##
##w#..#..h5......#.#..##
.......@###5######.#..##
#.#.#.#####÷# #......##
#>#.....÷####.###....
#.#.####.......# #....
#. ##.####.###.### #
...# #.....# #####
#######


You could see an iron imp (summoned), Natasha (empowered) and a dart slug.

Vanquished Creatures
  Natasha (D:2)
  An adder (D:2)
  A dart slug (D:1)
  2 endoplasms
  2 goblins
  4 hobgoblins
  4 jackals (D:1)
  5 kobolds
  A quokka (D:1)
  4 bats
  A frilled lizard (D:1)
  A rat (D:1)
27 creatures vanquished.

Notes
Turn   | Place    | Note
-------+----------+-------------------------------------------
     0 | D:1      | ChaosChampion the Ogre Warper began the quest for the Orb.
     0 | D:1      | Reached XP level 1. HP: 22/22 MP: 3/3
    94 | D:1      | Reached skill level 3 in Fighting
   240 | D:1      | Reached XP level 2. HP: 22/31 MP: 5/5
   562 | D:1      | Found a faded altar of an unknown god.
   605 | D:1      | Found Arearhuf's Magic Scroll Shoppe.
   792 | D:1      | Learned a level 2 spell: Blink
  1018 | D:1      | Reached skill level 4 in Fighting
  1086 | D:2      | Reached XP level 3. HP: 35/39 MP: 6/6
  1404 | D:2      | Found a glowing golden altar of the Shining One.
  1551 | D:2      | Noticed Natasha
  1559 | D:2      | Killed Natasha
  1560 | D:2      | Reached skill level 5 in Fighting
  1560 | D:2      | Reached XP level 4. HP: 25/50 MP: 7/7
  1793 | D:2      | Noticed Natasha
  1810 | D:2      | Killed from afar by Natasha

Illustrated notes

Levels and vault maps discovered:
D:1:      dpeg_arrival_snail, layout_loops_ring,
          shapermc_ecumenical_altar_flowoftime, serial_shops,
          nicolae_shop_statue_plus
D:2:      layout_loops_ring, basic_altar, minmay_misc_feat_room,
          chequers_serial_rivers_micro_d, uniq_sigmund, uniq_jessica,
          uniq_natasha

Skill      XL: |  1  2  3 |
---------------+----------+-----
Fighting       | 3 4 5 |  5.0
Maces & Flails | 2 |  2.6
Throwing       | |  1.0
Dodging        | |  2.1
Spellcasting   | |  2.4
Translocations | |  2.6

Action                   |  1- 3 |  4- 6 || total
-------------------------+-------+-------++-------
Melee: Mace              |    95 |    15 ||   110
Armor: Robe              |    40 |     5 ||    45
Dodge: Dodged            |    72 |     7 ||    79

Table legend: (Time is in decaauts)
 A = Elapsed time spent in this place.
 B = Non-inter-level travel time spent in this place.
 C = Inter-level travel time spent in this place.
 D = Time resting spent in this place.
 E = Time spent auto-exploring this place.
 F = Levels seen in this place.
 G = Mean time per level.
                   A        B        C        D        E       F      G
               +--------+--------+--------+--------+--------+-----+--------+
         Total |   1842 |   1823 |     19 |    494 |   1091 |   2 |  921.0 |
       Dungeon |   1842 |   1823 |     19 |    494 |   1091 |   2 |  921.0 |
               +--------+--------+--------+--------+--------+-----+--------+

Top non-repeatable levels by time:
     D:1: 1085 daAuts
     D:2: 756 daAuts
